 Dungeon Crawl Stone Soup version 0.31.0-9-g3a7656b989 (webtiles) character file.

Game seed: 598522810573852211

10680 Amplified the Thaumaturge (level 11, -6/64 (86) HPs)
             Began as a Mummy Alchemist on Jan 30, 2024.
             Was an Initiate of Gozag.
             Killed from afar by Azrael (15 damage)
             ... with a bolt of fire
             ... on level 12 of the Dungeon.
             The game lasted 00:29:00 (12011 turns).

Amplified the Thaumaturge (Mummy Alchemist)        Turns: 12011, Time: 00:29:02

HP:   -6/64 (86)    AC: 16    Str: 15    XL:     11   Next: 39%
MP:   29/34         EV: 10    Int: 15    God:    Gozag
Gold: 305           SH:  9    Dex: 17    Spells: 19/30 levels left

rFire   + . .        n - +3 war axe of Disgust {elec, Will+ Str-2 Dex+4}
rCold   + . .        f - +3 buckler
rNeg    + + +        u - +5 ring mail "Tauxeas" {+Inv rPois}
rPois   ∞            e - +2 helmet
rElec   .            (no cloak)
rCorr   .            l - +2 pair of gloves
SInv    .            (no boots)
Will    ++...        k - amulet of the acrobat
Stlth   +            t - ring of protection from fire
HPRegen 0.30/turn    q - ring of Hafumab {rF+ rN+ MP+9 Str+2}
MPRegen 0.24/turn

%: acrobat, faith
@: studying Stealth, very heavily drained
A: cold resistance 1, negative energy resistance 3, torment resistance 2, heat
vulnerability 1, in touch with death 1, no potions, faith
a: Renounce Religion, Evoke Invisibility, Potion Petition, Call Merchant, Bribe
Branch


You were on level 12 of the Dungeon.
You worshipped Gozag.
Gozag was aware of your devotion.
You visited 1 branch of the dungeon, and saw 12 of its levels.

You collected 1606 gold pieces.
You spent 1164 gold pieces at shops.
You paid 137 gold pieces to Gozag.

Inventory:

Hand Weapons
 b - the +0 morningstar of Uncertain Death {flame, rC+ Str+3}
   (You bought it in a shop on level 1 of the Dungeon)

   Str+3:     It affects your strength (+3).
   rC+:       It protects you from cold.
 c - a +0 dagger of protection
 d - a +0 hand axe
 n - the +3 war axe of Disgust (weapon) {elec, Will+ Str-2 Dex+4}
   (You bought it in a shop on level 1 of the Dungeon)

   Str-2:     It affects your strength (-2).
   Dex+4:     It affects your dexterity (+4).
   Will+:     It increases your willpower.
Missiles
 a - 4 curare-tipped darts
 i - 10 poisoned darts (quivered)
Armour
 e - a +2 helmet (worn)
 f - a +3 buckler (worn)
 l - a +2 pair of gloves (worn)
 u - the +5 ring mail "Tauxeas" (worn) {+Inv rPois}
   (You bought it in a shop on level 11 of the Dungeon)

   rPois:     It protects you from poison +Inv: It lets you turn invisible.
Jewellery
 k - an amulet of the acrobat (around neck)
 p - a ring of protection from cold
 q - the ring of Hafumab (right hand) {rF+ rN+ MP+9 Str+2}
   (You bought it in a shop on level 1 of the Dungeon)

   [ring of magical power]

   Str+2:     It affects your strength (+2).
   rF+:       It protects you from fire.
   rN+:       It protects you from negative energy.
   MP+9:      It affects your magic capacity (+9).
 r - a ring of ice
 t - a ring of protection from fire (left hand)
Scrolls
 g - 5 scrolls of identify
 h - a scroll of brand weapon
 j - 2 scrolls of enchant weapon
 v - a scroll of enchant armour
Miscellaneous
 s - a phantom mirror (inert)


   Skills:
 * Level 8.2 Fighting
 * Level 5.0(5.6) Axes
 - Level 3.8(5.0) Maces & Flails
 - Level 1.5 Dodging
 - Level 1.5 Stealth
 * Level 6.6 Shields
 * Level 10.2 Spellcasting
 - Level 0.7 Conjurations
 * Level 2.1 Fire Magic
 - Level 6.9 Alchemy


You had 19 spell levels left.
You knew the following spells:

 Your Spells              Type           Power      Damage    Failure   Level
a - Sting                 Conj/Alch      76%        1d7       4%          1
b - Mercury Vapours       Alch/Air       36%        N/A       9%          2
c - Olgreb's Toxic Radia  Alch           28%        N/A       14%         4
d - Sticky Flame          Fire/Alch      21%        2d6       36%         4

Your spell library contained the following spells:

 Spells                   Type           Power      Damage    Failure   Level
 Apportation              Tloc           14%        N/A       24%         1
 Slow                     Hex            28%        N/A       24%         1
 Mephitic Cloud           Conj/Alch/Air  15%        N/A       26%         3
 Jinxbite                 Hex            14%        N/A       36%         2
 Alistair's Intoxication  Alch           18%        N/A       36%         5
 Confusing Touch          Hex            7%         N/A       58%         3
 Sigil of Binding         Hex            7%         N/A       58%         3
 Vampiric Draining        Necr           11%        2d6       58%         3
 Summon Blazeheart Golem  Fire/Summ      10%        N/A       83%         4
 Orb of Destruction       Conj           4%         9d5       100%        7
 Spellforged Servitor     Conj/Summ      4%         N/A       100%        7


Dungeon Overview and Level Annotations

Branches:
Dungeon (12/15)            Temple (0/1) D:7            Lair (0/5) D:10
    Orc (0/2) D:12

Altars:
Ashenzari
Fedhas
Gozag
Hepliaklqana
Makhleb
Nemelex Xobeh
Qazlal
Trog
Wu Jian

Shops:
D:1 ([(=   D:3 =   D:11 [

Annotations:
D:5 2 runed translucent doors, tadhg's ghost, novice MfSh
D:9 Erolcha
D:10 exclusion: orange crystal statue
D:11 3 runed translucent doors, Josephine
D:12 2 transporters, Azrael


Innate Abilities, Weirdness & Mutations

You are immune to poison.
Your flesh is cold resistant. (rC+)
You are immune to negative energy. (rN+++)
You are immune to unholy pain and torment.
You are vulnerable to heat. (rF-)
You are in touch with the powers of death.
You do not drink.
You have a special connection with the divine. (Faith)


Message History

Azrael completely resists.
The fireball engulfs you. You resist.
* * * LOW HITPOINT WARNING * * *
The fire elemental hits you. The fire elemental burns you! You resist.
* * * LOW HITPOINT WARNING * * *
Unknown command.
Okay, then.
Okay, then.
Okay, then.
You hit the fire elemental.
The fire elemental is heavily damaged.
The fire elemental hits you. The fire elemental burns you! You resist.
* * * LOW HITPOINT WARNING * * *
Azrael hits Azrael with a +4 scimitar of flaming!
Unknown command.
You hit the fire elemental.
The fire elemental is heavily damaged.
Azrael shimmers and vanishes!
The fire elemental closely misses you. The hell hound breathes flames at you.
The blast of flame hits the fire elemental.
The fire elemental completely resists.
The blast of flame hits you but does no damage.
The fire elemental hits you. The fire elemental burns you! You resist.
* * * LOW HITPOINT WARNING * * *
Unknown command.
You need at least 400 gold to purchase potions right now!
Unknown command.
Unknown command.
Unknown command.
You feel drained.
You fail to use your ability.
Azrael says, "You child of a rabid dog!
Grandchild of a stinking jackal!
Great-grandchild of a plucked vulture!"
The fire elemental barely misses you.
You closely miss the fire elemental.
The fire elemental is heavily damaged.
The fire elemental closely misses you. Azrael gestures at you.
The bolt of fire hits the fire elemental.
The fire elemental completely resists.
The bolt of fire hits you! You resist.
You die...
Your body crumbles into a pile of gold.

**,,,,,,,***,,,*
,*********,,,,,*******
,,* *,,,,,,,,,,,,*
,*********,,,,,,,,,,,*
,**,,,,,**,,,,,########
,,*,,,,,**,,,,,#......#
,,*,,,,,,,,,,,,#......#
,**,,,,,*#,,,,,#......#
+**,,,,,##'#####@.....#
,,*,,,,,#....WEE#######
,,*,,,,,#.....eR#
,,*,,,,,#......h#
,,*,,,,,#.......#
,,******#....:..#
,,*,,,,,#.......#
**,,,,,,#.......#
*,*****#....°..#******


You could see Azrael, a deep elf pyromancer, 2 fire elementals, a wraith and a
hell hound.

Vanquished Creatures
  2 two-headed ogres
  4 boulder beetles (D:11)
  A deep elf pyromancer (D:12)
  An unseen horror (D:9)
  A komodo dragon (D:11)
  Prince Ribbit (D:9)
  A shadow (D:9)
  3 wraiths
  A wyvern (D:10)
  Eustachio (D:4)
  4 yaks (D:10)
  3 vampire mosquitoes (D:12)
  3 steam dragons
  A water moccasin (D:8)
  4 orc warriors
  A sky beast (D:6)
  A black bear (D:5)
  4 ice beasts
  2 centaurs
  A phantom (D:5)
  3 scorpions
  A gnoll sergeant (D:10)
  5 bullfrogs
  8 wights
  13 killer bees
  A howler monkey (D:8)
  A bombardier beetle (D:6)
  4 hounds (D:6)
  2 jellies (D:6)
  2 orc priests
  2 gnoll boudas
  4 iguanas
  6 orc wizards
  13 gnolls
  5 adders
  A shadow imp (D:6)
  A white imp (D:6)
  2 ufetubi (D:6)
  A dart slug (D:2)
  A ribbon worm (D:2)
  38 orcs
  6 ball pythons
  3 bats (D:1)
  17 endoplasms
  2 giant cockroaches
  8 goblins
  10 hobgoblins
  4 jackals (D:2)
  A quokka (D:2)
  4 frilled lizards
  5 kobolds
  6 rats
220 creatures vanquished.

Vanquished Creatures (collateral kills)
  A hell hound (D:12)
1 creature vanquished.

Vanquished Creatures (others)
  An orc wizard (D:8)
1 creature vanquished.

Grand Total: 222 creatures vanquished

Notes
Turn   | Place    | Note
-------+----------+-------------------------------------------
     0 | D:1      | Amplified the Mummy Alchemist began the quest for the Orb.
     0 | D:1      | Reached XP level 1. HP: 13/13 MP: 4/4
    14 | D:1      | Found Maenkel's Antique Weapon Boutique.
    14 | D:1      | Found Lis Cuko's Antique Armour Emporium.
   116 | D:1      | Found Cizif's Jewellery Shop.
   269 | D:1      | Reached skill level 3 in Spellcasting
   273 | D:1      | Reached XP level 2. HP: 14/20 MP: 1/6
   406 | D:1      | Reached skill level 1 in Fighting
   623 | D:1      | Reached XP level 3. HP: 21/26 MP: 5/7
   672 | D:1      | Found Pahein's Antique Weapon Shop.
  1146 | D:2      | Learned a level 2 spell: Mercury Vapours
  1616 | D:2      | Reached XP level 4. HP: 30/33 MP: 7/9
  1733 | D:2      | You fall into a shaft and drop 1 floor!
  1776 | D:3      | Found Qegrefe's Jewellery Shoppe.
  1985 | D:1      | Bought an iridescent morningstar for 225 gold pieces
  1985 | D:1      | Identified the +0 morningstar of Uncertain Death {flame,
                  | rC+ Str+3} (You bought it in a shop on level 1 of the
                  | Dungeon)
  2097 | D:3      | Found a stormy altar of Qazlal.
  2133 | D:3      | Reached skill level 1 in Shields
  2266 | D:3      | Found a broken altar of Ashenzari.
  2272 | D:3      | Reached skill level 4 in Spellcasting
  2410 | D:4      | Reached XP level 5. HP: 32/38 MP: 8/11
  2822 | D:4      | Noticed Eustachio
  2952 | D:4      | Learned a level 4 spell: Olgreb's Toxic Radiance
  2961 | D:5      | Entered Level 5 of the Dungeon
  3199 | D:5      | Reached skill level 1 in Maces & Flails
  3273 | D:5      | Noticed a phantom
  3287 | D:5      | Killed a phantom
  3288 | D:5      | Reached XP level 6. HP: 45/46 MP: 8/12
  3370 | D:5      | Found a large runed translucent door.
  3370 | D:5      | Found a large runed translucent door.
  3372 | D:5      | Noticed tadhg's ghost (novice MfSh)
  3661 | D:5      | Noticed an ice beast
  3721 | D:5      | Killed an ice beast
  3846 | D:5      | Reached skill level 5 in Spellcasting
  3854 | D:5      | Reached XP level 7. HP: 50/52 MP: 10/14
  4202 | D:6      | Found an opulent altar of Gozag.
  4202 | D:6      | Found a sparkling altar of Nemelex Xobeh.
  4369 | D:6      | Reached XP level 8. HP: 60/60 MP: 12/16
  4460 | D:6      | Became a worshipper of Gozag Ym Sagoz the Greedy
  4601 | D:6      | Reached skill level 6 in Spellcasting
  5558 | D:7      | Found a staircase to the Ecumenical Temple.
  5570 | D:7      | Reached skill level 5 in Fighting
  5574 | D:7      | Reached skill level 5 in Alchemy
  5885 | D:7      | Reached skill level 7 in Spellcasting
  5885 | D:7      | Reached XP level 9. HP: 61/68 MP: 12/19
  6065 | D:1      | Bought a shimmering war axe for 212 gold pieces
  6065 | D:1      | Identified the +3 war axe of Disgust {elec, Will+ Str-2
                  | Dex+4} (You bought it in a shop on level 1 of the Dungeon)
  6164 | D:4      | Killed Eustachio
  7085 | D:5      | Reached skill level 1 in Axes
  7489 | D:8      | Found a blossoming altar of Fedhas.
  7909 | D:8      | Found a hazy altar of Hepliaklqana.
  7954 | D:8      | Found a burning altar of Makhleb.
  7969 | D:8      | Reached skill level 8 in Spellcasting
  8307 | D:8      | Noticed an orc sorcerer
  8312 | D:8      | Noticed an arcanist
  8491 | D:9      | Reached skill level 5 in Shields
  8538 | D:9      | Noticed Erolcha
  8557 | D:9      | Noticed Prince Ribbit
  8570 | D:9      | Killed Prince Ribbit
  8785 | D:9      | Reached XP level 10. HP: 73/77 MP: 19/22
  8873 | D:9      | Found a bloodstained altar of Trog.
  9108 | D:1      | Bought the ring of Hafumab {rF+ rN+ MP+9 Str+2} for 466
                  | gold pieces
  9523 | D:9      | Noticed a two-headed ogre
  9532 | D:9      | Killed a two-headed ogre
  9731 | D:10     | Entered Level 10 of the Dungeon
  9775 | D:10     | Noticed a two-headed ogre
  9777 | D:10     | Found a staircase to the Lair.
  9789 | D:10     | Killed a two-headed ogre
  9790 | D:10     | Reached skill level 9 in Spellcasting
 10416 | D:10     | Found an ornate altar of the Wu Jian Council.
 10474 | D:10     | Noticed an orange crystal statue
 10764 | D:11     | Noticed a boulder beetle
 10771 | D:11     | Killed a boulder beetle
 10781 | D:11     | Learned a level 4 spell: Sticky Flame
 10833 | D:11     | Found Rauptoufea's Antique Armour Shop.
 10837 | D:11     | Noticed a boulder beetle
 10845 | D:11     | Bought a dazzling ring mail for 261 gold pieces
 10845 | D:11     | Identified the +5 ring mail "Tauxeas" {+Inv rPois} (You
                  | bought it in a shop on level 11 of the Dungeon)
 10852 | D:11     | Killed a boulder beetle
 10853 | D:11     | Reached XP level 11. HP: 50/85 MP: 17/24
 10970 | D:11     | Noticed a brown ugly thing
 11042 | D:11     | Noticed a boulder beetle
 11068 | D:11     | Killed a boulder beetle
 11069 | D:11     | Reached skill level 1 in Fire Magic
 11221 | D:11     | Noticed a boulder beetle
 11228 | D:11     | Killed a boulder beetle
 11378 | D:11     | Reached skill level 10 in Spellcasting
 11497 | D:11     | Noticed a white ugly thing
 11498 | D:11     | Noticed a white ugly thing
 11498 | D:11     | Noticed a brown ugly thing
 11498 | D:11     | Noticed a red ugly thing
 11500 | D:11     | Found a runed translucent gate.
 11500 | D:11     | Found a runed translucent gate.
 11500 | D:11     | Found a runed translucent gate.
 11531 | D:11     | Noticed a mana viper
 11533 | D:11     | a mana viper changed into a glowing shapeshifter
 11533 | D:11     | Noticed a glowing shapeshifter (glowing shapeshifter)
 11563 | D:11     | Noticed a shock serpent
 11598 | D:11     | Noticed Josephine
 11661 | D:12     | Noticed a boulder beetle
 11661 | D:12     | Noticed a boulder beetle
 11661 | D:12     | Found a transporter.
 11677 | D:12     | Found a transporter.
 11738 | D:12     | Noticed a boulder beetle
 11931 | D:12     | Noticed a deep elf pyromancer
 11943 | D:12     | Killed a deep elf pyromancer
 11944 | D:12     | Reached skill level 5 in Axes
 11995 | D:12     | Noticed Azrael
 12003 | D:12     | Noticed a deep elf pyromancer
 12011 | D:12     | Killed from afar by Azrael

Illustrated notes

Levels and vault maps discovered:
D:1:      nzn_arrival_crosshair, layout_basic, serial_shops,
          nicolae_shop_crystal, nicolae_shop_crystal, shop,
          nicolae_shop_rolling_square, dk_noncrumbling_4
D:2:      layout_basic, ebering_dispersal_statue_hall, minmay_misc_feat_five,
          nicolae_kite_square_tiling_tiny
D:3:      layout_rooms, mainiacjoe_overflow_alcove_1, evilmike_ruin_ashenzari,
          serial_shops, nicolae_shop_pleasant_corner_grove
D:4:      layout_layer_cave, uniq_eustachio
D:5:      layout_basic, old_standard_altar, ebering_ghost_disaster_area,
          minmay_fractal_squares_diagonal_5
D:6:      layout_gridville, grunt_temple_overflow_opulence
D:7:      layout_rooms, minmay_temple_entry_drinking_statues
D:8:      cheibrodos_wizards_tower, layout_gridville,
          mainiacjoe_overflow_alcove_4, lemuel_round_altar,
          mainiacjoe_overflow_24_doors, general_overflow_altar
D:9:      nicolae_cairo_tiling_very_big, layout_long_grid, kennysheep_mini,
          uniq_erolcha, uniq_prince_ribbit1
D:10:     minmay_statue_hallways, layout_basic, nzn_wu_jian_council_hall
D:11:     layout_small_grid, ploomutoo_gammafunk_ghost_potion_laboratory,
          serial_shops, shop, uniq_josephine
D:12:     gammafunk_boulding_lane, layout_gridville, david_orc_1_choice,
          uniq_azrael

Skill      XL: |  1  2  3  4  5  6  7  8  9 10 11 |
---------------+----------------------------------+-----
Spellcasting   | 3 4 5 7 8 9 10 | 10.2
Fighting       | 1 2 3 4 5 6 7 8 |  8.2
Alchemy        | 3 4 5 6 |  6.9
Shields        | 1 2 3 4 5 6 |  6.6
Maces & Flails | 1 2 3 |  3.8
Axes           | 2 4 5 |  5.0
Fire Magic     | 2 |  2.1
Dodging        | |  1.5
Stealth        | |  1.5
Conjurations   | |  0.7

Action                     |  1- 3 |  4- 6 |  7- 9 | 10-12 || total
---------------------------+-------+-------+-------+-------++-------
  Melee: Unarmed           |     6 |       |       |       ||     6
         Dagger            |   132 |    36 |       |       ||   168
         Punch             |     1 |       |       |       ||     1
         Morningstar       |       |   100 |   163 |       ||   263
         War axe           |       |       |   105 |    77 ||   182
  Throw: Dart              |       |       |     6 |     1 ||     7
   Cast: Sting             |    35 |     8 |    10 |       ||    53
         Mercury Vapours   |       |    19 |    60 |    15 ||    94
         Olgreb's Toxic Ra |       |       |    27 |    36 ||    63
         Sticky Flame      |       |       |       |     5 ||     5
  Evoke: Phantom mirror    |       |       |       |     2 ||     2
    Use: Scroll            |     4 |     5 |     4 |     5 ||    18
   Stab: Sleeping          |     3 |     2 |     1 |       ||     6
         Distracted        |       |     1 |       |       ||     1
 Armour: Robe              |    75 |    77 |   205 |    40 ||   397
         Ring mail         |       |       |       |    57 ||    57
  Dodge: Dodged            |    92 |    64 |   203 |    57 ||   416
  Block: Buckler           |    25 |    45 |   161 |    45 ||   276
